 Dungeon Crawl Stone Soup version 0.24.0-13-gcf9b3192b9 (webtiles) character file.

Game seed: 6524557655904996186, levelgen mode: deterministic

1301 Descartes the Magician (level 8, -16/41 HPs)
             Began as a Deep Elf Fire Elementalist on Nov 8, 2019.
             Killed from afar by a quokka (45 damage)
             ... with an exploding inner flame
             ... hexed by the player character
             ... on level 7 of the Dungeon.
             The game lasted 00:26:16 (7225 turns).

Descartes the Magician (Deep Elf Fire Elementalist) Turns: 7225, Time: 00:26:16

Health: -16/41     AC:  5    Str:  6    XL:     8   Next: 31%
Magic:  22/27      EV: 13    Int: 25    God:
Gold:   382        SH: 12    Dex: 15    Spells: 0/18 levels left

rFire    . . .     SeeInvis .   E - +3 scimitar
rCold    + + +     Gourm    .   H - +2 buckler
rNeg     . . .     Faith    .   d - +1 leather armour {MR+}
rPois    .         Spirit   .   v - +0 helmet
rElec    +         Reflect  +   (no cloak)
rCorr    .         Harm     .   (no gloves)
MR       +....                  (no boots)
Stlth    +++.......             F - +6 amulet of reflection
HPRegen  0.13/turn              w - ring "Luorol" {rC+++ MP+9 Int+3 Slay-5}
MPRegen  0.20/turn              (no ring)

@: no status effects
A: hooves 1, electricity resistance
a: no special abilities


You were on level 7 of the Dungeon.
You were near starving.

You visited 1 branch of the dungeon, and saw 7 of its levels.

You collected 382 gold pieces.

Inventory:

Hand Weapons
 b - a +0 hunting sling
 k - a +0 dagger of venom
 x - the +10 long sword of Qaevaoj {venom, Int+7 SInv, unknown}
   (You found it on level 7 of the Dungeon)

   It poisons the flesh of those it strikes.
   It affects your intelligence (+7).
   It lets you see invisible.
 E - a +3 scimitar (weapon)
 G - a +0 quarterstaff
Missiles
 a - 2 boomerangs
 e - 181 stones (quivered)
 f - 115 arrows
 h - 22 poisoned darts
Armour
 d - a +1 leather armour of magic resistance (worn)
 v - a +0 helmet (worn)
 H - a +2 buckler (worn)
Jewellery
 j - an uncursed amulet of magic regeneration
 w - the ring "Luorol" (left hand) {rC+++ MP+9 Int+3 Slay-5}
   (You found it on level 4 of the Dungeon)

   [ring of magical power]

   It affects your intelligence (+3).
   It affects your accuracy and damage with ranged weapons and melee attacks
   (-5).
   It renders you almost immune to cold.
   It affects your magic capacity (+9).
 F - a +6 amulet of reflection (around neck)
 I - an uncursed ring of resist corrosion {unknown}
Wands
 t - a wand of polymorph (4)
 A - a wand of flame (14)
Scrolls
 g - a scroll of brand weapon {unknown}
 l - 3 scrolls of remove curse
 n - a scroll of enchant armour {unknown}
 o - a scroll of noise {unknown}
 q - a scroll of teleportation
 u - a scroll of fear {unknown}
 y - a scroll of amnesia {unknown}
 C - a scroll of fog {unknown}
Potions
 i - a potion of heal wounds {unknown}
 m - 3 potions of curing
 p - 3 potions of haste
 r - a potion of might
 s - a potion of lignification
 z - 2 potions of agility
 B - a potion of flight {unknown}
 D - 2 potions of cancellation
Comestibles
 c - 12 rations


   Skills:
 - Level 1.4 Staves
 + Level 2.3 Armour
 + Level 4.9 Dodging
 + Level 5.4 Stealth
 * Level 1.5 Shields
 + Level 5.9 Spellcasting
 + Level 4.0 Conjurations
 + Level 2.8 Hexes
 - Level 1.7 Necromancy
 + Level 0.0 Translocations
 + Level 5.6 Fire Magic


You couldn't memorise any spells.
You knew the following spells:

 Your Spells              Type           Power        Failure   Level  Hunger
a - Flame Tongue          Conj/Fire      ####.        2%          1    None
b - Throw Flame           Conj/Fire      ####..       3%          2    None
c - Conjure Flame         Conj/Fire      ####....     7%          3    #......
d - Inner Flame           Hex/Fire       ####....     9%          3    #......
e - Fireball              Conj/Fire      ####......   52%         5    #####..
f - Pain                  Necr           ###.         8%          1    None
g - Gell's Gravitas       Tloc           #.........   43%         3    #......

Your spell library contained the following spells:

 Spells                   Type           Power        Failure   Level  Hunger
 Confusing Touch          Hex            ###...       4%          1    None
 Animate Skeleton         Necr           N/A          8%          1    None
 Confuse                  Hex            ###.....     14%         3    #......
 Sticky Flame             Conj/Fire      ####....     22%         4    ###....
 Vampiric Draining        Necr           ###.......   24%         3    #......
 Regeneration             Chrm/Necr      ##........   32%         3    #......
 Animate Dead             Necr           N/A          61%         4    ###....
 Petrify                  Tmut/Erth      #.......     85%         4    ###....
 Metabolic Englaciation   Hex/Ice        ##........   94%         5    #####..
 Yara's Violent Unravell  Hex/Tmut       ##........   94%         5    #####..


Dungeon Overview and Level Annotations

Branches:
Dungeon (7/15)
 Temple: D:4-7

Altars:
Fedhas
Gozag
Uskayaw
Wu Jian
Xom


Innate Abilities, Weirdness & Mutations

You have large cloven feet.
You are resistant to electric shocks. (rElec)


Message History

The puff of flame misses the leopard gecko.
You block the leopard gecko's attack.
Casting: Throw Flame (safe; 3% risk of failure)
Confirm with . or Enter, or press ? or * to list all spells.
Aiming: Flame Tongue (safe; 2% risk of failure)
Press: ? - help, Shift-Dir - straight line, f - quokka, p - leopard gecko
Aim: a quokka (severely wounded, inner flame)
The flame tongue hits the leopard gecko.
The leopard gecko is almost dead.
You block the leopard gecko's attack. The gnoll hits you but does no damage.
Casting: Flame Tongue (safe; 2% risk of failure)
Confirm with . or Enter, or press ? or * to list all spells.
Aiming: Flame Tongue (safe; 2% risk of failure)
Press: ? - help, Shift-Dir - straight line, f/p - quokka
Aim: a quokka (severely wounded, inner flame)
The flame tongue hits the quokka!
The quokka explodes!
The fiery explosion engulfs you!!!
Ouch! That really hurt!
You die...

#..#
#.g###..........#.....
..
#..............##.....
##...g..........# .##.
###...#...........# #
.......g...........#
.........#.#........#
#.....##..g##.####....
#....##..§l###........
##... #...§@....# ..
#### #.........#
##.###.....# ###
##..... #.... .... ...
##


You could see 3 gnolls and a leopard gecko.

Vanquished Creatures
  Menkaure (D:6)
  3 ogres
  A bullfrog (D:6)
  A scorpion (D:4)
  4 wights (D:6)
  A howler monkey (D:6)
  A centaur zombie (D:6)
  A crimson imp (D:5)
  3 hounds
  2 orc priests
  An orc wizard (D:6)
  A bullfrog skeleton (D:5)
  An iguana (D:6)
  Terence (D:3)
  2 worker ants
  A killer bee zombie (D:7)
  2 howler monkey skeletons
  12 adders
  A shadow imp (D:5)
  2 adder skeletons (D:4)
  2 worms (D:2)
  3 dart slugs
  A leopard gecko (D:5)
  11 orcs
  2 ball pythons
  8 bats
  4 giant cockroaches
  3 goblins
  7 hobgoblins
  6 quokkas
  4 frilled lizards
  A giant cockroach zombie (D:6)
  10 kobolds
  A quokka skeleton (D:4)
  11 rats
116 creatures vanquished.

Vanquished Creatures (others)
  A plant (D:2)
1 creature vanquished.

Grand Total: 117 creatures vanquished

Notes
Turn   | Place    | Note
-------+----------+-------------------------------------------
     0 | D:1      | Descartes the Deep Elf Fire Elementalist began the quest
                  | for the Orb.
     0 | D:1      | Reached XP level 1. HP: 10/10 MP: 6/6
   101 | D:1      | Reached XP level 2. HP: 15/15 MP: 0/8
   636 | D:1      | Learned a level 2 spell: Throw Flame
   723 | D:2      | Reached XP level 3. HP: 10/19 MP: 2/10
  1691 | D:2      | Found a blossoming altar of Fedhas.
  1694 | D:2      | Found an ornate altar of the Wu Jian Council.
  1697 | D:2      | Found a hide-covered altar of Uskayaw.
  1769 | D:2      | Reached XP level 4. HP: 24/24 MP: 4/11
  1895 | D:2      | Found a faded altar of an unknown god.
  2295 | D:3      | Noticed Terence
  2305 | D:3      | Killed Terence
  2305 | D:3      | Reached XP level 5. HP: 21/28 MP: 2/13
  3083 | D:4      | Learned a level 3 spell: Conjure Flame
  3087 | D:4      | Learned a level 3 spell: Inner Flame
  3134 | D:4      | Reached skill level 1 in Armour
  3134 | D:4      | Reached XP level 6. HP: 13/32 MP: 10/14
  3617 | D:4      | Found an opulent altar of Gozag.
  3678 | D:4      | Learned a level 5 spell: Fireball
  4096 | D:4      | Got a scintillating steel ring
  4174 | D:5      | Entered Level 5 of the Dungeon
  4201 | D:5      | Reached skill level 5 in Spellcasting
  4339 | D:5      | Reached skill level 1 in Hexes
  4339 | D:5      | Reached skill level 5 in Fire Magic
  4434 | D:5      | Reached XP level 7. HP: 36/36 MP: 11/16
  4565 | D:5      | Identified the ring "Luorol" {rC+++ MP+9 Int+3 Slay-5} (You
                  | found it on level 4 of the Dungeon)
  4568 | D:5      | Learned a level 1 spell: Pain
  5771 | D:6      | Reached skill level 1 in Necromancy
  6046 | D:6      | Reached skill level 1 in Shields
  6203 | D:6      | Gained mutation: You are somewhat resistant to further
                  | mutation. [potion of mutation]
  6203 | D:6      | Gained mutation: You are dopey. (Int -2) [potion of
                  | mutation]
  6204 | D:6      | Lost mutation: You are somewhat resistant to further
                  | mutation. [potion of mutation]
  6204 | D:6      | Lost mutation: You are dopey. (Int -2) [potion of mutation]
  6204 | D:6      | Gained mutation: You are resistant to electric shocks.
                  | (rElec) [potion of mutation]
  6204 | D:6      | Gained mutation: You have large cloven feet. [potion of
                  | mutation]
  6205 | D:6      | Noticed Menkaure
  6207 | D:6      | Killed Menkaure
  6207 | D:6      | Reached skill level 5 in Stealth
  6256 | D:6      | Reached skill level 1 in Staves
  6256 | D:6      | Reached XP level 8. HP: 41/41 MP: 18/18
  6675 | D:6      | Found a shimmering altar of Xom.
  6676 | D:6      | Found a shimmering altar of Xom.
  6676 | D:6      | Found a shimmering altar of Xom.
  7154 | D:6      | Learned a level 3 spell: Gell's Gravitas
  7208 | D:7      | Got an ancient long sword
  7225 | D:7      | Killed from afar by a quokka

Levels and vault maps discovered:
D:1:      lemuel_arrival_muddy, layout_basic
D:2:      layout_loops_ring, grunt_temple_overflow_diamond,
          chequers_ecumenical_altar_lobes, minmay_misc_feat_columns
D:3:      layout_loops_ring, uniq_terence
D:4:      layout_basic, first_ration, minivault_5, kennysheep_doodads,
          grunt_gozag_breadcrumbs
D:5:      layout_basic, serial_park_tiny_pond
D:6:      layout_basic, xom_redecorated, uniq_menkaure
D:7:      layout_cave_pools, minmay_temple_entry_grid,
          kennysheep_generic_room_4, uniq_pikel

Skill      XL: |  1  2  3  4  5  6  7  8 |
---------------+-------------------------+-----
Fire Magic     | 4 5 |  5.6
Stealth        | 3 4 5 |  5.4
Dodging        | 3 4 |  4.9
Spellcasting   | 4 5 |  5.9
Conjurations   | 2 3 4 |  4.0
Armour         | 1 2 |  2.3
Hexes          | 1 2 |  2.8
Necromancy     | 1 |  1.7
Shields        | 1 |  1.5
Staves         | 1 |  1.4

Action                   |  1- 3 |  4- 6 |  7- 9 || total
-------------------------+-------+-------+-------++-------
Melee: Unarmed           |    10 |       |       ||    10
       Falchion          |       |     4 |    94 ||    98
       Kick              |       |       |     1 ||     1
 Fire: Hunting sling     |       |       |   168 ||   168
Throw: Boomerang         |       |       |    14 ||    14
       Dart              |       |       |     9 ||     9
 Cast: Flame Tongue      |    58 |    54 |    56 ||   168
       Throw Flame       |    14 |    63 |    39 ||   116
       Conjure Flame     |       |       |     4 ||     4
       Inner Flame       |       |       |     2 ||     2
  Use: Scroll            |       |       |    10 ||    10
       Potion            |       |       |     2 ||     2
  Eat: Chunk             |     3 |     5 |     4 ||    12
       Ration            |       |     1 |     1 ||     2
Armor: Robe              |     3 |       |       ||     3
       Leather armour    |     1 |     4 |    56 ||    61
Dodge: Dodged            |    23 |    15 |   129 ||   167
Block: Other             |       |       |     3 ||     3
       Buckler           |       |       |    13 ||    13
       Rpst.: Falchion   |       |     2 |    20 ||    22
       Scimitar          |       |       |     3 ||     3
